Canucks vs Maple Leafs
Created - November 3, 2022 at 19:29
Goals
|
Canucks |
1 |
3 |
1 |
5 |
Maple Leafs |
2 |
1 |
0 |
3 |
|
Shots
|
Canucks |
10 |
18 |
4 |
32 |
Maple Leafs |
14 |
10 |
8 |
32 |
|
1st period
1. Maple Leafs , Michael Frolik 1 (Patrice Cormier 1) at 11:05 (SH)
2. Maple Leafs , JT Compher 1 (Neal Pionk 1, John Gibson) at 14:34
3. Canucks , Sam Gagner 3 (Robert Nilsson 2, Jason Akeson 2) at 17:15
Penalties :
Claude Giroux (TOR) for Hooking (Minor) at 10:47, Michael Frolik (TOR) for Tripping (Minor) at 19:19
2nd period
4. Canucks , Gilbert Brule 1 (Tyler Myers 2, Drew Doughty 2) at 6:21
5. Canucks , Derick Brassard 1 (Sam Gagner 2, Jiri Fischer 1) at 15:08
6. Canucks , Ilya Kovalchuk 2 (Marcus Johansson 3, Gilbert Brule 1) at 16:48
7. Maple Leafs , Elias Pettersson 2 (Andre Burakovsky 1, Tye McGinn 1) at 19:42 (PP)
Penalties :
Michael Frolik (TOR) for Interference (Minor) at 1:49, Robert Nilsson (Van) for Hooking (Minor) at 12:33, Drew Doughty (Van) for Roughing (Minor) at 19:00
3rd period
8. Canucks , Robert Nilsson 1 (Tyler Myers 3) at 5:10 (PP)
Penalties :
Michael Frolik (TOR) for Interference (Minor) at 5:06
Goalie Stats
Alexandar Georgiev (Van), 29 saves from 32 shots - (0.906), W, 1-1-0, 60:00 minutes
John Gibson (TOR), 27 saves from 32 shots - (0.844), L, 0-2-0, 60:00 minutes
Players Stats for Canucks
Player Name G A P +/- PIM S H SB GA TA FO MP PP MP PK MP
------------------------------------------------------------------------------------
Alex Goligoski 0 0 0 1 0 2 0 2 0 0 0/0 20:32 2:28 0:58
Alexander Semin 0 0 0 0 0 0 2 0 2 0 0/0 10:11 0:00 0:46
Brad Boyes 0 0 0 -1 0 1 0 0 0 0 0/0 7:37 0:00 0:00
Brandon Burlon 0 0 0 2 0 0 2 0 0 0 0/0 13:02 0:00 0:42
Cody Eakin 0 0 0 0 0 0 0 0 0 0 2/4 10:06 0:00 0:56
Daniel Carcillo 0 0 0 -1 0 3 0 0 1 0 0/1 8:23 0:00 1:00
Derick Brassard 1 0 1 1 0 3 2 0 1 1 4/4 23:38 3:12 0:00
Drew Doughty 0 1 1 -1 2 3 1 4 0 0 0/0 25:49 3:33 1:01
Gilbert Brule 1 1 2 2 0 1 1 0 0 0 7/11 18:12 2:49 0:31
Ilya Kovalchuk 1 0 1 2 0 2 1 1 0 1 0/0 19:13 2:49 1:27
Jason Akeson 0 1 1 0 0 2 1 0 0 0 0/0 9:07 0:00 0:00
Jiri Fischer 0 1 1 2 0 0 0 0 0 0 0/0 12:12 0:00 0:00
Marcus Johansson 0 1 1 2 0 4 0 1 0 1 0/0 17:56 2:49 0:13
Maxim Talbot 0 0 0 -1 0 0 1 0 0 0 1/1 6:40 0:00 0:00
Michael Kostka 0 0 0 1 0 1 0 1 0 2 0/0 20:37 2:28 0:58
Robert Nilsson 1 1 2 1 2 7 2 1 2 0 11/33 23:59 3:12 0:29
Sam Gagner 1 1 2 1 0 2 0 1 1 0 0/1 23:29 3:12 0:00
Tyler Myers 0 2 2 -1 0 1 0 2 0 2 0/0 26:34 3:33 1:43
Players Stats for Maple Leafs
Player Name G A P +/- PIM S H SB GA TA FO MP PP MP PK MP
------------------------------------------------------------------------------------
Andre Burakovsky 0 1 1 0 0 2 1 2 0 1 1/1 15:39 1:07 0:00
Bo Horvat 0 0 0 0 0 1 0 0 0 0 3/8 14:11 0:00 0:00
Brandon Saad 0 0 0 -1 0 1 0 0 1 0 1/1 11:37 0:00 2:04
Brayden Schenn 0 0 0 0 0 3 2 0 2 0 17/25 19:52 1:34 1:06
Braydon Coburn 0 0 0 -1 0 0 1 2 0 0 0/0 19:15 0:51 2:28
Claude Giroux 0 0 0 0 2 3 1 0 2 0 0/0 19:23 1:34 0:33
Elias Pettersson 1 0 1 -2 0 2 1 0 0 0 2/7 12:54 1:07 0:31
Haydn Fleury 0 0 0 0 0 2 1 1 0 0 0/0 17:43 0:00 3:33
John Klingberg 0 0 0 -1 0 1 0 0 0 0 0/0 25:12 1:50 2:28
Jon Merrill 0 0 0 0 0 2 0 3 0 0 0/0 21:44 0:51 3:33
JT Compher 1 0 1 -2 0 5 0 0 0 0 0/0 11:06 0:00 0:00
Michael Frolik 1 0 1 1 6 3 2 0 0 2 1/1 21:04 1:34 1:26
Neal Pionk 0 1 1 -1 0 0 0 3 0 1 0/0 15:12 0:00 0:00
Nick Ritchie 0 0 0 -2 0 1 1 0 0 0 0/0 11:11 0:00 0:00
Patrice Cormier 0 1 1 0 0 2 1 0 0 1 4/10 12:51 0:00 4:03
Pontus Aberg 0 0 0 -1 0 2 0 0 0 0 0/0 7:51 0:00 0:00
Tye McGinn 0 1 1 0 0 1 1 0 2 0 1/2 17:28 1:07 2:19
Zach Werenski 0 0 0 -1 0 1 2 1 0 2 0/0 19:42 1:50 0:00
3 Stars
1 - Gilbert Brule (Van)
2 - Sam Gagner (Van)
3 - Ilya Kovalchuk (Van)
Power Play
Canucks - 1 on 4 Attempt(s) - 25.00%
Maple Leafs - 1 on 2 Attempt(s) - 50.00%
Penalty Kill
Canucks - 1 on 2 Attempt(s) - 50.00%
- Score 0 goal in Penalty Kill
Maple Leafs - 3 on 4 Attempt(s) - 75.00%
- Score 1 goal in Penalty Kill
Team Stat
Canucks - Hits : 13 - Faceoff Wins : 25 - Blocked Shots : 13 - Penalty Minutes : 4
Maple Leafs - Hits : 14 - Faceoff Wins : 30 - Blocked Shots : 12 - Penalty Minutes : 8
Official
Referees : Peter MacDougall and Tom Chmielewski
Linesman : Vaughan Rody and Jonny Murray
Game Notes
No Game Note
Finance
Level 1 -- Attendance: 5533 (92.22%) -- Ticket Income $553,300
Level 2 -- Attendance: 4746 (94.92%) -- Ticket Income $284,760
Level 3 -- Attendance: 1799 (89.95%) -- Ticket Income $62,965
Level 4 -- Attendance: 3991 (99.78%) -- Ticket Income $99,775
Luxury Box -- Attendance: 954 (95.40%) -- Ticket Income $190,800
Game was played at the Scotiabank Arena.
Total Attendance: 17023 (94.57%)
Total Ticket Income: $1,191,600
Other Income: $178,740
Total Income: $1,370,340
Canucks
5 vs 5 Forward
Center Left Wing Right Wing Time % Phy DF OF
1 Robert Nilsson Derick Brassard Sam Gagner 58 1 2 2
2 Gilbert Brule Marcus Johansson Ilya Kovalchuk 27 1 2 2
3 Cody Eakin Alexander Semin Jason Akeson 10 1 2 2
4 Maxim Talbot Daniel Carcillo Brad Boyes 5 1 2 2
5 vs 5 Defense
Defense Defense Time % Phy DF OF
1 Drew Doughty Tyler Myers 56 1 2 2
2 Michael Kostka Alex Goligoski 23 1 2 2
3 Jiri Fischer Brandon Burlon 11 1 2 2
4 Drew Doughty Tyler Myers 10 1 2 2
PowerPlay Forward
Center Left Wing Right Wing Time % Phy DF OF
1 Robert Nilsson Derick Brassard Sam Gagner 60 1 2 2
2 Gilbert Brule Marcus Johansson Ilya Kovalchuk 40 1 2 2
PowerPlay Defense
Defense Defense Time % Phy DF OF
1 Drew Doughty Tyler Myers 60 1 2 2
2 Michael Kostka Alex Goligoski 40 1 2 2
Penalty Kill 4 Players Forward
Center Wing Time % Phy DF OF
1 Robert Nilsson Ilya Kovalchuk 60 1 2 2
2 Marcus Johansson Gilbert Brule 40 1 2 2
Penalty Kill 4 Players Defense
Defense Defense Time % Phy DF OF
1 Drew Doughty Tyler Myers 60 1 2 2
2 Michael Kostka Alex Goligoski 40 1 2 2
Penalty Kill - 3 Players Forward
Forward Time % Phy DF OF
1 Robert Nilsson 60 1 2 2
2 Ilya Kovalchuk 40 1 2 2
Penalty Kill - 3 Players Defense
Defense Defense Time % Phy DF OF
1 Drew Doughty Tyler Myers 60 1 2 2
2 Michael Kostka Alex Goligoski 40 1 2 2
4 vs 4 Forward
Center Wing Time % Phy DF OF
1 Robert Nilsson Ilya Kovalchuk 60 1 2 2
2 Marcus Johansson Gilbert Brule 40 1 2 2
4 vs 4 Defense
Defense Defense Time % Phy DF OF
1 Drew Doughty Tyler Myers 60 1 2 2
2 Michael Kostka Alex Goligoski 40 1 2 2
Last Minutes Offensive
Center Left Wing Right Wing Defense Defense
Robert Nilsson Derick Brassard Marcus Johansson Drew Doughty Tyler Myers
Last Minutes Defensive
Center Left Wing Right Wing Defense Defense
Robert Nilsson Derick Brassard Ilya Kovalchuk Drew Doughty Tyler Myers
Goaltenders
Starting : Alexandar Georgiev
Backup : Thomas McCollum
Extra Forwards
Normal : Alexander Semin, Jason Akeson, Daniel Carcillo - PP : Alexander Semin, Jason Akeson - PK : Daniel Carcillo
Extra Defensemen
Normal : Jiri Fischer, Brandon Burlon, Michael Kostka - PP : Jiri Fischer - PK : Brandon Burlon, Michael Kostka
Penalty Shots
Robert Nilsson, Derick Brassard, Marcus Johansson, Gilbert Brule, Ilya Kovalchuk
Scratches
Cameron Gaunce (Healthy)
Maple Leafs
5 vs 5 Forward
Center Left Wing Right Wing Time % Phy DF OF
1 Brayden Schenn Claude Giroux Michael Frolik 40 1 2 2
2 Bo Horvat Tye McGinn Andre Burakovsky 30 1 2 2
3 Elias Pettersson Nick Ritchie JT Compher 20 1 2 2
4 Patrice Cormier Brandon Saad Pontus Aberg 10 1 2 2
5 vs 5 Defense
Defense Defense Time % Phy DF OF
1 John Klingberg Zach Werenski 40 1 2 2
2 Jon Merrill Neal Pionk 30 1 2 2
3 Braydon Coburn Haydn Fleury 20 1 2 2
4 John Klingberg Jon Merrill 10 1 2 2
PowerPlay Forward
Center Left Wing Right Wing Time % Phy DF OF
1 Brayden Schenn Claude Giroux Michael Frolik 60 1 2 2
2 Elias Pettersson Tye McGinn Andre Burakovsky 40 1 2 2
PowerPlay Defense
Defense Defense Time % Phy DF OF
1 John Klingberg Zach Werenski 60 1 2 2
2 Jon Merrill Braydon Coburn 40 1 2 2
Penalty Kill 4 Players Forward
Center Wing Time % Phy DF OF
1 Patrice Cormier Michael Frolik 60 1 2 2
2 Brayden Schenn Claude Giroux 40 1 2 2
Penalty Kill 4 Players Defense
Defense Defense Time % Phy DF OF
1 Jon Merrill Haydn Fleury 60 1 2 2
2 Braydon Coburn John Klingberg 40 1 2 2
Penalty Kill - 3 Players Forward
Forward Time % Phy DF OF
1 Patrice Cormier 60 1 2 2
2 Brayden Schenn 40 1 2 2
Penalty Kill - 3 Players Defense
Defense Defense Time % Phy DF OF
1 Haydn Fleury Jon Merrill 60 1 2 2
2 Braydon Coburn John Klingberg 40 1 2 2
4 vs 4 Forward
Center Wing Time % Phy DF OF
1 Brayden Schenn Claude Giroux 60 1 2 2
2 Bo Horvat Michael Frolik 40 1 2 2
4 vs 4 Defense
Defense Defense Time % Phy DF OF
1 John Klingberg Zach Werenski 60 1 2 2
2 Jon Merrill Braydon Coburn 40 1 2 2
Last Minutes Offensive
Center Left Wing Right Wing Defense Defense
Brayden Schenn Claude Giroux Andre Burakovsky John Klingberg Zach Werenski
Last Minutes Defensive
Center Left Wing Right Wing Defense Defense
Brayden Schenn Claude Giroux Andre Burakovsky Haydn Fleury Jon Merrill
Goaltenders
Starting : John Gibson
Backup : Martin Jones
Extra Forwards
Normal : Elias Pettersson, Andre Burakovsky, Claude Giroux - PP : Elias Pettersson, JT Compher - PK : Tye McGinn
Extra Defensemen
Normal : Braydon Coburn, Neal Pionk, Zach Werenski - PP : Neal Pionk - PK : Neal Pionk, Haydn Fleury
Penalty Shots
Claude Giroux, Michael Frolik, Andre Burakovsky, Elias Pettersson, John Klingberg
Scratches
Brayden McNabb (Healthy)
% Time on Ice - Canucks
Lines # - Real PCT - Wanted PCT - Time Play
Normal Forward
1 - 41% - 58% - 20:50
2 - 32% - 27% - 16:37
3 - 15% - 10% - 7:53
4 - 12% - 5% - 5:58
Normal Defense
1 - 46% - 56% - 23:35
2 - 32% - 23% - 16:24
3 - 22% - 11% - 11:19
4 - 0% - 10% - 0:00
PP Forward
1 - 53% - 60% - 3:12
2 - 47% - 40% - 2:49
PP Defense
1 - 59% - 60% - 3:33
2 - 41% - 40% - 2:28
PK Forward
1 - 92% - 60% - 2:28
2 - 8% - 40% - 0:13
PK Defense
1 - 64% - 60% - 1:43
2 - 36% - 40% - 0:58
PK3 Forward
1 - 0% - 60%
2 - 0% - 40%
PK3 Defense
1 - 0% - 60%
2 - 0% - 40%
44 Forward
1 - 0% - 60%
2 - 0% - 40%
44 Defense
1 - 0% - 60%
2 - 0% - 40%
Last Minute Offensive - 0:00
Last Minute Defensive - 0:00
Total
Forward - 60:00
Defense - 60:00
|
% Time on Ice - Maple Leafs
Lines # - Real PCT - Wanted PCT - Time Play
Normal Forward
1 - 35% - 40% - 18:11
2 - 33% - 30% - 16:42
3 - 18% - 20% - 9:29
4 - 14% - 10% - 6:56
Normal Defense
1 - 36% - 40% - 18:26
2 - 32% - 30% - 16:24
3 - 27% - 20% - 13:45
4 - 5% - 10% - 2:43
PP Forward
1 - 58% - 60% - 1:34
2 - 42% - 40% - 1:07
PP Defense
1 - 68% - 60% - 1:50
2 - 32% - 40% - 0:51
PK Forward
1 - 82% - 60% - 4:55
2 - 18% - 40% - 1:06
PK Defense
1 - 59% - 60% - 3:33
2 - 41% - 40% - 2:28
PK3 Forward
1 - 0% - 60%
2 - 0% - 40%
PK3 Defense
1 - 0% - 60%
2 - 0% - 40%
44 Forward
1 - 0% - 60%
2 - 0% - 40%
44 Defense
1 - 0% - 60%
2 - 0% - 40%
Last Minute Offensive - 0:00
Last Minute Defensive - 0:00
Total
Forward - 60:00
Defense - 60:00
|
Play-by-Play
1st period
0:01 of 1st period - Brayden Schenn wins face-off versus Robert Nilsson in neutral zone.
0:13 of 1st period - Snap shot by Derick Brassard.
0:13 of 1st period - Stopped by John Gibson without a rebound.
0:14 of 1st period - Gilbert Brule wins face-off versus Bo Horvat in Maple Leafs zone.
0:31 of 1st period - Slapshot by Ilya Kovalchuk.
0:31 of 1st period - Stopped by John Gibson with a rebound.
0:53 of 1st period - Wrist shot by JT Compher.
0:53 of 1st period - Shot Misses the Net.
1:46 of 1st period - Andre Burakovsky is hit by Derick Brassard and loses puck.
2:01 of 1st period - Haydn Fleury is hit by Brandon Burlon and loses puck.
2:08 of 1st period - Off-side.
2:09 of 1st period - Robert Nilsson wins face-off versus Brayden Schenn in neutral zone.
2:29 of 1st period - Tyler Myers is hit by Michael Frolik and loses puck.
2:39 of 1st period - Icing by Marcus Johansson.
2:40 of 1st period - Gilbert Brule wins face-off versus Elias Pettersson in Canucks zone.
2:49 of 1st period - Wrist shot by JT Compher.
2:49 of 1st period - Stopped by Alexandar Georgiev without a rebound.
2:50 of 1st period - Brayden Schenn wins face-off versus Robert Nilsson in Canucks zone.
3:05 of 1st period - Jon Merrill is hit by Brandon Burlon and loses puck.
3:22 of 1st period - Snap shot by Tye McGinn.
3:22 of 1st period - Shot Misses the Net.
3:24 of 1st period - Wrist shot by Tye McGinn.
3:24 of 1st period - Shot Misses the Net.
3:26 of 1st period - Slapshot by Jon Merrill.
3:26 of 1st period - Stopped by Alexandar Georgiev with a rebound.
3:28 of 1st period - Slapshot by Jon Merrill.
3:28 of 1st period - Stopped by Alexandar Georgiev without a rebound.
3:29 of 1st period - Robert Nilsson wins face-off versus Elias Pettersson in Canucks zone.
3:56 of 1st period - Drew Doughty is hit by Claude Giroux and loses puck.
4:41 of 1st period - Derick Brassard is hit by Tye McGinn and loses puck.
5:11 of 1st period - Wrist shot by Elias Pettersson.
5:11 of 1st period - Shot Misses the Net.
5:55 of 1st period - Snap shot by Derick Brassard.
5:55 of 1st period - Shot Blocked by Zach Werenski.
6:07 of 1st period - Bo Horvat is hit by Maxim Talbot and loses puck.
6:12 of 1st period - Slapshot by Drew Doughty.
6:12 of 1st period - Deflect By Zach Werenski.
6:12 of 1st period - Stopped by John Gibson without a rebound.
6:13 of 1st period - Brayden Schenn wins face-off versus Robert Nilsson in Maple Leafs zone.
6:53 of 1st period - Icing by Andre Burakovsky.
6:54 of 1st period - Andre Burakovsky wins face-off versus Sam Gagner in Maple Leafs zone.
7:26 of 1st period - Wrist shot by Bo Horvat.
7:26 of 1st period - Stopped by Alexandar Georgiev without a rebound.
7:27 of 1st period - Brayden Schenn wins face-off versus Gilbert Brule in Canucks zone.
7:42 of 1st period - Wrist shot by Claude Giroux.
7:42 of 1st period - Shot Misses the Net.
7:44 of 1st period - Backhand shot by Brayden Schenn.
7:44 of 1st period - Stopped by Alexandar Georgiev with a rebound.
7:59 of 1st period - Slapshot by Patrice Cormier.
7:59 of 1st period - Stopped by Alexandar Georgiev with a rebound.
8:03 of 1st period - Snap shot by Brandon Saad.
8:03 of 1st period - Stopped by Alexandar Georgiev with a rebound.
8:07 of 1st period - Snap shot by Brandon Saad.
8:07 of 1st period - Shot Misses the Net.
8:17 of 1st period - Snap shot by JT Compher.
8:17 of 1st period - Stopped by Alexandar Georgiev without a rebound.
8:18 of 1st period - Elias Pettersson wins face-off versus Robert Nilsson in Canucks zone.
8:21 of 1st period - Snap shot by Elias Pettersson.
8:21 of 1st period - Stopped by Alexandar Georgiev without a rebound.
8:22 of 1st period - Robert Nilsson wins face-off versus Elias Pettersson in Canucks zone.
8:22 of 1st period - Robert Nilsson is hit by Zach Werenski.
8:30 of 1st period - Snap shot by Elias Pettersson.
8:30 of 1st period - Shot Blocked by Drew Doughty.
9:04 of 1st period - Snap shot by Nick Ritchie.
9:04 of 1st period - Stopped by Alexandar Georgiev with a rebound.
9:08 of 1st period - Slapshot by Zach Werenski.
9:08 of 1st period - Shot Blocked by Drew Doughty.
9:38 of 1st period - Wrist shot by JT Compher.
9:38 of 1st period - Shot Blocked by Drew Doughty.
9:40 of 1st period - Wrist shot by Elias Pettersson.
9:40 of 1st period - Shot Misses the Net.
9:42 of 1st period - Snap shot by JT Compher.
9:42 of 1st period - Stopped by Alexandar Georgiev without a rebound.
9:43 of 1st period - Brayden Schenn wins face-off versus Cody Eakin in Canucks zone.
10:36 of 1st period - Wrist shot by Brad Boyes.
10:36 of 1st period - Stopped by John Gibson with a rebound.
10:38 of 1st period - Slapshot by Brandon Burlon.
10:38 of 1st period - Shot Blocked by Neal Pionk.
10:40 of 1st period - Slapshot by Brandon Burlon.
10:40 of 1st period - Shot Blocked by Jon Merrill.
10:42 of 1st period - Wrist shot by Daniel Carcillo.
10:42 of 1st period - Stopped by John Gibson without a rebound.
10:43 of 1st period - Cody Eakin wins face-off versus Brayden Schenn in Maple Leafs zone.
10:47 of 1st period - Minor Penalty to Claude Giroux for Hooking.
10:48 of 1st period - Derick Brassard wins face-off versus Patrice Cormier in Maple Leafs zone.
10:50 of 1st period - Snap shot by Derick Brassard.
10:50 of 1st period - Shot Blocked by Jon Merrill.
11:01 of 1st period - Off-side.
11:02 of 1st period - Patrice Cormier wins face-off versus Robert Nilsson in neutral zone.
11:05 of 1st period - Slapshot by Michael Frolik.
11:05 of 1st period - Goal by Michael Frolik - Canucks : 0 - Maple Leafs : 1.
11:06 of 1st period - Robert Nilsson wins face-off versus Patrice Cormier in neutral zone.
11:43 of 1st period - Off-side.
11:44 of 1st period - Brayden Schenn wins face-off versus Robert Nilsson in neutral zone.
11:46 of 1st period - Off-side.
11:47 of 1st period - Robert Nilsson wins face-off versus Patrice Cormier in neutral zone.
11:54 of 1st period - Wrist shot by Patrice Cormier.
11:54 of 1st period - Stopped by Alexandar Georgiev without a rebound.
11:55 of 1st period - Robert Nilsson wins face-off versus Patrice Cormier in Canucks zone.
12:47 of 1st period - Penalty to Claude Giroux is over, Claude Giroux is back on ice.
14:16 of 1st period - Wrist shot by Alexander Semin.
14:16 of 1st period - Shot Misses the Net.
14:34 of 1st period - Snap shot by JT Compher.
14:34 of 1st period - Goal by JT Compher - Canucks : 0 - Maple Leafs : 2.
14:35 of 1st period - Brayden Schenn wins face-off versus Robert Nilsson in neutral zone.
14:38 of 1st period - Derick Brassard is hit by Brayden Schenn and loses puck.
15:25 of 1st period - JT Compher is hit by Jason Akeson and loses puck.
17:13 of 1st period - Wrist shot by Robert Nilsson.
17:13 of 1st period - Stopped by John Gibson with a rebound.
17:15 of 1st period - Snap shot by Sam Gagner.
17:15 of 1st period - Goal by Sam Gagner - Canucks : 1 - Maple Leafs : 2.
17:16 of 1st period - Robert Nilsson wins face-off versus Brayden Schenn in neutral zone.
17:27 of 1st period - Snap shot by Sam Gagner.
17:27 of 1st period - Stopped by John Gibson with a rebound.
17:29 of 1st period - Slapshot by Michael Kostka.
17:29 of 1st period - Stopped by John Gibson with a rebound.
17:49 of 1st period - Wrist shot by Marcus Johansson.
17:49 of 1st period - Shot Blocked by Andre Burakovsky.
19:01 of 1st period - Wrist shot by Sam Gagner.
19:01 of 1st period - Shot Blocked by Neal Pionk.
19:17 of 1st period - Slapshot by Marcus Johansson.
19:17 of 1st period - Stopped by John Gibson with a rebound.
19:19 of 1st period - Minor Penalty to Michael Frolik for Tripping.
19:20 of 1st period - Robert Nilsson wins face-off versus Patrice Cormier in Maple Leafs zone.
19:45 of 1st period - Brandon Saad is hit by Gilbert Brule and loses puck.
Goals for this period are 1 for Canucks vs 2 for Maple Leafs.
Shots for this period are 10 for Canucks vs 14 for Maple Leafs.
2nd period
0:01 of 2nd period - Patrice Cormier wins face-off versus Robert Nilsson in neutral zone.
0:10 of 2nd period - Haydn Fleury is hit by Robert Nilsson and loses puck.
1:19 of 2nd period - Penalty to Michael Frolik is over, Michael Frolik is back on ice.
1:27 of 2nd period - Slapshot by Daniel Carcillo.
1:27 of 2nd period - Stopped by John Gibson without a rebound.
1:28 of 2nd period - Maxim Talbot wins face-off versus Brayden Schenn in Maple Leafs zone.
1:49 of 2nd period - Minor Penalty to Michael Frolik for Interference.
1:50 of 2nd period - Patrice Cormier wins face-off versus Robert Nilsson in Maple Leafs zone.
3:04 of 2nd period - Snap shot by Marcus Johansson.
3:04 of 2nd period - Stopped by John Gibson with a rebound.
3:11 of 2nd period - Icing by Ilya Kovalchuk.
3:12 of 2nd period - Gilbert Brule wins face-off versus Tye McGinn in Canucks zone.
3:39 of 2nd period - Slapshot by Alex Goligoski.
3:39 of 2nd period - Stopped by John Gibson without a rebound.
3:40 of 2nd period - Robert Nilsson wins face-off versus Patrice Cormier in Maple Leafs zone.
3:49 of 2nd period - Penalty to Michael Frolik is over, Michael Frolik is back on ice.
3:50 of 2nd period - Wrist shot by Derick Brassard.
3:50 of 2nd period - Shot Misses the Net.
3:52 of 2nd period - Wrist shot by Robert Nilsson.
3:52 of 2nd period - Shot Blocked by Braydon Coburn.
3:54 of 2nd period - Slapshot by Tyler Myers.
3:54 of 2nd period - Shot Blocked by Braydon Coburn.
4:25 of 2nd period - Wrist shot by Robert Nilsson.
4:25 of 2nd period - Deflect By Braydon Coburn.
4:25 of 2nd period - Stopped by John Gibson with a rebound.
4:51 of 2nd period - Snap shot by Derick Brassard.
4:51 of 2nd period - Shot Misses the Net.
4:53 of 2nd period - Backhand shot by Robert Nilsson.
4:53 of 2nd period - Stopped by John Gibson with a rebound.
4:55 of 2nd period - Snap shot by Robert Nilsson.
4:55 of 2nd period - Stopped by John Gibson without a rebound.
4:56 of 2nd period - Tye McGinn wins face-off versus Gilbert Brule in Maple Leafs zone.
5:33 of 2nd period - Snap shot by Elias Pettersson.
5:33 of 2nd period - Shot Misses the Net.
6:07 of 2nd period - Slapshot by John Klingberg.
6:07 of 2nd period - Stopped by Alexandar Georgiev without a rebound.
6:08 of 2nd period - Gilbert Brule wins face-off versus Elias Pettersson in Canucks zone.
6:21 of 2nd period - Slapshot by Gilbert Brule.
6:21 of 2nd period - Goal by Gilbert Brule - Canucks : 2 - Maple Leafs : 2.
6:22 of 2nd period - Bo Horvat wins face-off versus Robert Nilsson in neutral zone.
6:37 of 2nd period - Snap shot by Bo Horvat.
6:37 of 2nd period - Shot Misses the Net.
6:49 of 2nd period - Drew Doughty is hit by Michael Frolik and loses puck.
6:54 of 2nd period - Snap shot by Claude Giroux.
6:54 of 2nd period - Shot Misses the Net.
6:56 of 2nd period - Slapshot by Haydn Fleury.
6:56 of 2nd period - Shot Blocked by Tyler Myers.
6:58 of 2nd period - Wrist shot by Brayden Schenn.
6:58 of 2nd period - Stopped by Alexandar Georgiev without a rebound.
6:59 of 2nd period - Derick Brassard wins face-off versus Brayden Schenn in Canucks zone.
7:23 of 2nd period - Off-side.
7:24 of 2nd period - Gilbert Brule wins face-off versus Bo Horvat in neutral zone.
7:27 of 2nd period - Wrist shot by Tyler Myers.
7:27 of 2nd period - Stopped by John Gibson with a rebound.
7:29 of 2nd period - Slapshot by Drew Doughty.
7:29 of 2nd period - Shot Blocked by Andre Burakovsky.
7:31 of 2nd period - Slapshot by Drew Doughty.
7:31 of 2nd period - Stopped by John Gibson with a rebound.
7:35 of 2nd period - Wrist shot by Marcus Johansson.
7:35 of 2nd period - Stopped by John Gibson without a rebound.
7:36 of 2nd period - Brayden Schenn wins face-off versus Robert Nilsson in Maple Leafs zone.
8:28 of 2nd period - Wrist shot by Jason Akeson.
8:28 of 2nd period - Deflect By Jon Merrill.
8:28 of 2nd period - Stopped by John Gibson with a rebound.
8:47 of 2nd period - Robert Nilsson is hit by Patrice Cormier and loses puck.
9:59 of 2nd period - Snap shot by JT Compher.
9:59 of 2nd period - Stopped by Alexandar Georgiev without a rebound.
10:00 of 2nd period - Gilbert Brule wins face-off versus Brayden Schenn in Canucks zone.
10:12 of 2nd period - Wrist shot by Brayden Schenn.
10:12 of 2nd period - Shot Misses the Net.
10:55 of 2nd period - Wrist shot by Bo Horvat.
10:55 of 2nd period - Deflect By Andre Burakovsky.
10:55 of 2nd period - Shot Blocked by Tyler Myers.
10:55 of 2nd period - Puck is out of play.
10:56 of 2nd period - Brayden Schenn wins face-off versus Gilbert Brule in Canucks zone.
11:29 of 2nd period - Icing by JT Compher.
11:30 of 2nd period - Robert Nilsson wins face-off versus Elias Pettersson in Maple Leafs zone.
11:45 of 2nd period - Slapshot by Drew Doughty.
11:45 of 2nd period - Stopped by John Gibson with a rebound.
11:47 of 2nd period - Wrist shot by Derick Brassard.
11:47 of 2nd period - Shot Misses the Net.
11:59 of 2nd period - Snap shot by Claude Giroux.
11:59 of 2nd period - Shot Blocked by Drew Doughty.
12:01 of 2nd period - Snap shot by Haydn Fleury.
12:01 of 2nd period - Shot Misses the Net.
12:03 of 2nd period - Slapshot by Michael Frolik.
12:03 of 2nd period - Shot Blocked by Ilya Kovalchuk.
12:05 of 2nd period - Snap shot by Claude Giroux.
12:05 of 2nd period - Stopped by Alexandar Georgiev with a rebound.
12:07 of 2nd period - Snap shot by Claude Giroux.
12:07 of 2nd period - Shot Misses the Net.
12:09 of 2nd period - Slapshot by Haydn Fleury.
12:09 of 2nd period - Deflect By Gilbert Brule.
12:09 of 2nd period - Stopped by Alexandar Georgiev without a rebound.
12:10 of 2nd period - Bo Horvat wins face-off versus Robert Nilsson in Canucks zone.
12:25 of 2nd period - Snap shot by Bo Horvat.
12:25 of 2nd period - Shot Misses the Net.
12:27 of 2nd period - Snap shot by Andre Burakovsky.
12:27 of 2nd period - Deflect By Tye McGinn.
12:27 of 2nd period - Stopped by Alexandar Georgiev with a rebound.
12:33 of 2nd period - Minor Penalty to Robert Nilsson for Hooking.
12:34 of 2nd period - Brayden Schenn wins face-off versus Daniel Carcillo in Canucks zone.
13:41 of 2nd period - Cody Eakin is hit by Andre Burakovsky and loses puck.
14:27 of 2nd period - Alex Goligoski is hit by Brayden Schenn and loses puck.
14:33 of 2nd period - Penalty to Robert Nilsson is over, Robert Nilsson is back on ice.
14:38 of 2nd period - Wrist shot by Robert Nilsson.
14:38 of 2nd period - Stopped by John Gibson with a rebound.
14:40 of 2nd period - Slapshot by Michael Kostka.
14:40 of 2nd period - Deflect By Robert Nilsson.
14:40 of 2nd period - Stopped by John Gibson without a rebound.
14:41 of 2nd period - Brandon Saad wins face-off versus Robert Nilsson in Maple Leafs zone.
14:48 of 2nd period - Snap shot by Brandon Saad.
14:48 of 2nd period - Shot Misses the Net.
14:54 of 2nd period - Slapshot by Tyler Myers.
14:54 of 2nd period - Deflect By Derick Brassard.
14:54 of 2nd period - Shot Blocked by Neal Pionk.
14:54 of 2nd period - Puck is out of play.
14:55 of 2nd period - Robert Nilsson wins face-off versus Bo Horvat in Maple Leafs zone.
14:56 of 2nd period - Snap shot by Derick Brassard.
14:56 of 2nd period - Stopped by John Gibson with a rebound.
15:06 of 2nd period - Snap shot by Sam Gagner.
15:06 of 2nd period - Shot Blocked by Jon Merrill.
15:08 of 2nd period - Wrist shot by Derick Brassard.
15:08 of 2nd period - Goal by Derick Brassard - Canucks : 3 - Maple Leafs : 2.
15:09 of 2nd period - Brayden Schenn wins face-off versus Robert Nilsson in neutral zone.
15:12 of 2nd period - Slapshot by Zach Werenski.
15:12 of 2nd period - Shot Misses the Net.
15:24 of 2nd period - Wrist shot by Sam Gagner.
15:24 of 2nd period - Shot Hit the Post.
15:42 of 2nd period - Slapshot by Bo Horvat.
15:42 of 2nd period - Shot Misses the Net.
16:20 of 2nd period - Brandon Saad is hit by Robert Nilsson.
16:46 of 2nd period - Snap shot by Marcus Johansson.
16:46 of 2nd period - Shot Misses the Net.
16:48 of 2nd period - Wrist shot by Ilya Kovalchuk.
16:48 of 2nd period - Goal by Ilya Kovalchuk - Canucks : 4 - Maple Leafs : 2.
16:49 of 2nd period - Brayden Schenn wins face-off versus Robert Nilsson in neutral zone.
17:45 of 2nd period - Braydon Coburn is hit by Alexander Semin and loses puck.
18:08 of 2nd period - Slapshot by Pontus Aberg.
18:08 of 2nd period - Stopped by Alexandar Georgiev with a rebound.
18:10 of 2nd period - Snap shot by Pontus Aberg.
18:10 of 2nd period - Shot Misses the Net.
18:24 of 2nd period - Snap shot by Maxim Talbot.
18:24 of 2nd period - Shot Misses the Net.
18:26 of 2nd period - Wrist shot by Brad Boyes.
18:26 of 2nd period - Deflect By Daniel Carcillo.
18:26 of 2nd period - Stopped by John Gibson with a rebound.
19:00 of 2nd period - Minor Penalty to Drew Doughty for Roughing.
19:01 of 2nd period - Brayden Schenn wins face-off versus Robert Nilsson in Canucks zone.
19:02 of 2nd period - Slapshot by Claude Giroux.
19:02 of 2nd period - Stopped by Alexandar Georgiev with a rebound.
19:04 of 2nd period - Slapshot by Zach Werenski.
19:04 of 2nd period - Shot Blocked by Robert Nilsson.
19:06 of 2nd period - Wrist shot by Michael Frolik.
19:06 of 2nd period - Stopped by Alexandar Georgiev with a rebound.
19:42 of 2nd period - Snap shot by Elias Pettersson.
19:42 of 2nd period - Goal by Elias Pettersson - Canucks : 4 - Maple Leafs : 3.
19:43 of 2nd period - Michael Frolik wins face-off versus Robert Nilsson in neutral zone.
Goals for this period are 3 for Canucks vs 1 for Maple Leafs.
Shots for this period are 18 for Canucks vs 10 for Maple Leafs.
3rd period
0:01 of 3rd period - Derick Brassard wins face-off versus Brayden Schenn in neutral zone.
0:13 of 3rd period - Claude Giroux is hit by Drew Doughty and loses puck.
0:50 of 3rd period - Drew Doughty is hit by Haydn Fleury and loses puck.
1:42 of 3rd period - Slapshot by Sam Gagner.
1:42 of 3rd period - Shot Blocked by Haydn Fleury.
1:54 of 3rd period - Slapshot by Alex Goligoski.
1:54 of 3rd period - Stopped by John Gibson with a rebound.
1:58 of 3rd period - Snap shot by Marcus Johansson.
1:58 of 3rd period - Shot Misses the Net.
2:00 of 3rd period - Snap shot by Ilya Kovalchuk.
2:00 of 3rd period - Shot Misses the Net.
2:12 of 3rd period - Claude Giroux is hit by Alexander Semin and loses puck.
2:23 of 3rd period - Wrist shot by Jason Akeson.
2:23 of 3rd period - Stopped by John Gibson with a rebound.
3:37 of 3rd period - Icing by Bo Horvat.
3:38 of 3rd period - Cody Eakin wins face-off versus Bo Horvat in Maple Leafs zone.
4:02 of 3rd period - Snap shot by Tye McGinn.
4:02 of 3rd period - Shot Misses the Net.
4:04 of 3rd period - Wrist shot by Andre Burakovsky.
4:04 of 3rd period - Stopped by Alexandar Georgiev with a rebound.
4:06 of 3rd period - Snap shot by Tye McGinn.
4:06 of 3rd period - Shot Misses the Net.
4:08 of 3rd period - Snap shot by Andre Burakovsky.
4:08 of 3rd period - Stopped by Alexandar Georgiev with a rebound.
4:10 of 3rd period - Slapshot by Jon Merrill.
4:10 of 3rd period - Shot Misses the Net.
4:12 of 3rd period - Snap shot by Andre Burakovsky.
4:12 of 3rd period - Shot Blocked by Marcus Johansson.
4:42 of 3rd period - Wrist shot by Marcus Johansson.
4:42 of 3rd period - Stopped by John Gibson without a rebound.
4:43 of 3rd period - Brayden Schenn wins face-off versus Robert Nilsson in Maple Leafs zone.
5:00 of 3rd period - Wrist shot by Derick Brassard.
5:00 of 3rd period - Shot Misses the Net.
5:06 of 3rd period - Minor Penalty to Michael Frolik for Interference.
5:07 of 3rd period - Patrice Cormier wins face-off versus Robert Nilsson in Maple Leafs zone.
5:10 of 3rd period - Wrist shot by Robert Nilsson.
5:10 of 3rd period - Goal by Robert Nilsson - Canucks : 5 - Maple Leafs : 3.
5:11 of 3rd period - Derick Brassard wins face-off versus Brayden Schenn in neutral zone.
5:23 of 3rd period - Icing by Zach Werenski.
5:24 of 3rd period - Brayden Schenn wins face-off versus Robert Nilsson in Maple Leafs zone.
5:24 of 3rd period - Brayden Schenn is hit by Derick Brassard.
6:08 of 3rd period - Icing by Bo Horvat.
6:09 of 3rd period - Elias Pettersson wins face-off versus Cody Eakin in Maple Leafs zone.
7:31 of 3rd period - Slapshot by Patrice Cormier.
7:31 of 3rd period - Shot Misses the Net.
7:33 of 3rd period - Wrist shot by Pontus Aberg.
7:33 of 3rd period - Stopped by Alexandar Georgiev without a rebound.
7:34 of 3rd period - Brayden Schenn wins face-off versus Robert Nilsson in Canucks zone.
7:39 of 3rd period - Wrist shot by Michael Frolik.
7:39 of 3rd period - Stopped by Alexandar Georgiev with a rebound.
7:41 of 3rd period - Slapshot by Haydn Fleury.
7:41 of 3rd period - Stopped by Alexandar Georgiev without a rebound.
7:42 of 3rd period - Brayden Schenn wins face-off versus Robert Nilsson in Canucks zone.
9:30 of 3rd period - Slapshot by Brayden Schenn.
9:30 of 3rd period - Shot Blocked by Sam Gagner.
9:32 of 3rd period - Snap shot by Haydn Fleury.
9:32 of 3rd period - Shot Blocked by Alex Goligoski.
9:34 of 3rd period - Wrist shot by Claude Giroux.
9:34 of 3rd period - Shot Blocked by Michael Kostka.
10:18 of 3rd period - Slapshot by Michael Frolik.
10:18 of 3rd period - Shot Blocked by Alex Goligoski.
10:40 of 3rd period - Snap shot by Claude Giroux.
10:40 of 3rd period - Stopped by Alexandar Georgiev with a rebound.
10:44 of 3rd period - Snap shot by Brayden Schenn.
10:44 of 3rd period - Stopped by Alexandar Georgiev without a rebound.
10:45 of 3rd period - Gilbert Brule wins face-off versus Bo Horvat in Canucks zone.
10:49 of 3rd period - Off-side.
10:50 of 3rd period - Bo Horvat wins face-off versus Gilbert Brule in neutral zone.
10:50 of 3rd period - Bo Horvat is hit by Ilya Kovalchuk.
10:58 of 3rd period - Slapshot by Zach Werenski.
10:58 of 3rd period - Deflect By Drew Doughty.
10:58 of 3rd period - Stopped by Alexandar Georgiev with a rebound.
11:46 of 3rd period - Wrist shot by Patrice Cormier.
11:46 of 3rd period - Shot Misses the Net.
12:14 of 3rd period - Jason Akeson is hit by Zach Werenski and loses puck.
12:50 of 3rd period - Jiri Fischer is hit by Nick Ritchie and loses puck.
14:29 of 3rd period - Maxim Talbot is hit by Elias Pettersson and loses puck.
18:31 of 3rd period - Jason Akeson is hit by Braydon Coburn and loses puck.
Goals for this period are 1 for Canucks vs 0 for Maple Leafs.
Shots for this period are 4 for Canucks vs 8 for Maple Leafs.